 Dungeon Crawl Stone Soup version 0.25-a0-2-g6559c6c67a (webtiles) character file.

Game seed: 16505059317557749771, levelgen mode: deterministic

697 Gumption the Changer (level 7, -1/46 HPs)
             Began as an Octopode Transmuter on Oct 13, 2019.
             Was a Believer of Makhleb.
             Killed from afar by Ijyb (6 damage)
             ... with an iceblast
             ... on level 5 of the Dungeon on Oct 14, 2019.
             The game lasted 01:12:45 (7562 turns).

Gumption the Changer (Octopode Transmuter)          Turns: 7562, Time: 01:12:45

Health: -1/46      AC:  1    Str:  9    XL:     7   Next: 65%
Magic:  9/12       EV: 14    Int: 17    God:    Makhleb [**....]
Gold:   233        SH:  0    Dex: 13    Spells: 6/12 levels left

rFire    + . .     SeeInvis .     - Unarmed
rCold    + . .     Gourm    .   (no shield)
rNeg     . . .     Faith    .   (helmet restricted)
rPois    +         Spirit   .   (no amulet)
rElec    +         Reflect  .   (no ring)
rCorr    +         Harm     .   (no ring)
MR       .....                  (no ring)
Stlth    ++........             (no ring)
HPRegen  0.15/turn              (no ring)
MPRegen  0.13/turn              (no ring)
                                (no ring)
                                (no ring)

@: resistant, hasted, very quick
A: almost no armour, stealthy swim, amphibious, 8 rings, constrict 8, camouflage
1, gelatinous body 1
a: Minor Destruction, Renounce Religion


You were on level 5 of the Dungeon.
You worshipped Makhleb.
Makhleb was pleased with you.
You were not hungry.

You visited 1 branch of the dungeon, and saw 5 of its levels.

You collected 233 gold pieces.

Inventory:

Hand Weapons
 b - a +1 hunting sling
Missiles
 a - 127 arrows
 d - 133 stones
 k - 16 poisoned darts (quivered)
Armour
 h - a +1 shield
Wands
 f - a wand of random effects (20)
Scrolls
 j - a scroll of enchant weapon
 l - 4 scrolls of remove curse
 m - a scroll of teleportation
 n - a scroll of fear
 r - 2 scrolls of identify
 t - a scroll of summoning {unknown}
Potions
 e - 3 potions of haste
 g - 2 potions of brilliance
 i - a potion of lignification
 o - a potion of curing
 s - 2 potions of flight {unknown}
Comestibles
 c - 4 rations
 p - 6 chunks of flesh


   Skills:
 + Level 3.2 Fighting
 + Level 3.7 Dodging
 * Level 2.7 Shields
 - Level 3.2 Unarmed Combat
 + Level 3.4 Spellcasting
 - Level 5.1 Transmutations
 + Level 0.5 Poison Magic


You had 6 spell levels left.
You knew the following spells:

 Your Spells              Type           Power        Failure   Level  Hunger
a - Beastly Appendage     Tmut           ###...       1%          1    None
b - Sticks to Snakes      Tmut           ###.....     3%          2    ##.....
c - Spider Form           Tmut/Pois      ##........   16%         3    ###....

Your spell library contained the following spells:

 Spells                   Type           Power        Failure   Level  Hunger
 Ice Form                 Ice/Tmut       ##......     50%         4    ####...
 Blade Hands              Tmut           ###.......   50%         5    ######.


Dungeon Overview and Level Annotations

Branches:
Dungeon (5/15)
 Temple: D:4-7

Altars:
Makhleb
Nemelex Xobeh
Okawaru
Uskayaw
Vehumet
Xom
The Shining One

Shops:
D:4 *

Annotations:
D:4 3 runed translucent doors, exclusion: statue, Aaksess's ghost, novice OgWz
D:5 Ijyb


Innate Abilities, Weirdness & Mutations

You cannot wear most types of armour.
You are very stealthy in the water. (Stealth+)
You are amphibious.
You can wear up to eight rings at the same time.
You can use your tentacles to constrict eight enemies at once.
Your skin changes colour to match your surroundings (Stealth+).
Your rubbery body absorbs attacks. (AC +1, EV +1)


Message History

The mass of ice explodes!
The iceblast engulfs you! The iceblast engulfs your ball python!
Your ball python dies!
Casting: Sticks to Snakes (safe; 3% risk of failure)
Confirm with . or Enter, or press ? or * to list all spells.
You create a snake!
You now have 127 arrows.
Ijyb zaps a wand.
The mass of ice explodes!
The iceblast engulfs you.
Your adder closely misses Ijyb.
Your adder bites Ijyb.
Ijyb zaps a wand.
The mass of ice explodes!
The iceblast engulfs you!
* * * LOW HITPOINT WARNING * * *
You feel protected.
Your adder completely misses Ijyb.
Your adder bites Ijyb but does no damage.
Your adder closely misses Ijyb.
You feel yourself speed up.
A giant cockroach comes into view.
Ijyb zaps a wand.
The mass of ice explodes!
The iceblast engulfs you. You partially resist.
You die...

#.#### ## #[##.#
#.## #.##.# .).#
#.##.# #..#
#.##.# ...#
###########.##.#
#..#
#...........##.#
#..# #
##.........[#
#### ##.######
#.##########
........###@#
#.s......#
#.##g##### #.#
#.# #S# #.# #.#
#[#


You could see Ijyb and a giant cockroach.

Vanquished Creatures
  A sky beast (D:3)
  A centaur (D:5)
  A scorpion (D:5)
  A crimson imp (D:5)
  4 hounds
  An orc priest (D:5)
  An orc wizard (D:5)
  A worker ant (D:5)
  3 adders
  5 oozes
  An adder skeleton (D:4)
  3 worms
  3 dart slugs
  3 leopard geckos
  15 orcs
  6 bats
  2 giant cockroaches
  7 hobgoblins
  9 jackals
  6 kobolds
  3 quokkas
  A ball python (D:5)
  2 frilled lizards
  5 rats
85 creatures vanquished.

Vanquished Creatures (collateral kills)
  A phantom (D:4)
  An ogre (D:5)
  3 gnolls (D:4)
  An orc (D:5)
6 creatures vanquished.

Grand Total: 91 creatures vanquished

Notes
Turn   | Place    | Note
-------+----------+-------------------------------------------
     0 | D:1      | Gumption the Octopode Transmuter began the quest for the
                  | Orb.
     0 | D:1      | Reached XP level 1. HP: 13/13 MP: 3/3
   289 | D:1      | Reached XP level 2. HP: 14/18 MP: 5/5
   294 | D:1      | Learned a level 2 spell: Sticks to Snakes
   858 | D:2      | Reached XP level 3. HP: 23/23 MP: 4/6
  1356 | D:2      | Found a burning altar of Makhleb.
  1373 | D:2      | Became a worshipper of Makhleb the Destroyer
  1578 | D:2      | Found a hide-covered altar of Uskayaw.
  1710 | D:2      | Learned a level 3 spell: Spider Form
  2324 | D:3      | Reached XP level 4. HP: 23/28 MP: 3/7
  2336 | D:3      | Reached skill level 3 in Transmutations
  2557 | D:3      | Found a glowing golden altar of the Shining One.
  3389 | D:3      | Reached skill level 1 in Shields
  3708 | D:3      | Reached XP level 5. HP: 26/34 MP: 6/8
  3857 | D:3      | Noticed a sky beast
  3930 | D:3      | Killed a sky beast
  3930 | D:3      | Reached * piety under Makhleb
  4548 | D:4      | Reached XP level 6. HP: 37/40 MP: 8/10
  4555 | D:4      | Reached skill level 4 in Transmutations
  4722 | D:4      | Noticed a phantom
  4742 | D:4      | Noticed Aaksess's ghost (novice OgWz)
  4757 | D:4      | Found a runed translucent gate.
  4757 | D:4      | Found a runed translucent gate.
  4757 | D:4      | Found a runed translucent gate.
  4859 | D:4      | Found a radiant altar of Vehumet.
  4906 | D:4      | Found a shimmering altar of Xom.
  5398 | D:4      | Found an iron altar of Okawaru.
  5398 | D:4      | Found Luilut's Assorted Antiques.
  6037 | D:4      | Killed a phantom
  6477 | D:5      | Entered Level 5 of the Dungeon
  6553 | D:5      | Found a sparkling altar of Nemelex Xobeh.
  6633 | D:5      | Noticed Ijyb
  6738 | D:5      | Reached XP level 7. HP: 42/45 MP: 9/11
  7223 | D:5      | Reached ** piety under Makhleb
  7323 | D:5      | Reached skill level 5 in Transmutations
  7562 | D:5      | Killed from afar by Ijyb

Levels and vault maps discovered:
D:1:      dpeg_arrival_stone_temple_mockup, layout_rooms, serial_rivers,
          chequers_serial_rivers_micro_d, chequers_serial_rivers_marsh,
          chequers_serial_rivers_micro_e, chequers_serial_rivers_micro_a
D:2:      layout_rooms, lemuel_doored_altar, old_standard_altar
D:3:      layout_basic, tso_altar, kennysheep_boxes
D:4:      layout_rooms, nicolae_overflow_hidden_temple, vehumet_statue, tgw_xom,
          serial_shops, shop, gammafunk_ghost_split, first_ration
D:5:      layout_loops_ring, old_standard_altar,
          yredelemnul_forgotten_temple_becter, uniq_grinder, uniq_ijyb

Skill      XL: |  1  2  3  4  5  6  7 |
---------------+----------------------+-----
Transmutations | 3 4 5 |  5.1
Shields        | 1 2 |  2.7
Fighting       | 2 3 |  3.2
Dodging        | 3 |  3.7
Spellcasting   | 3 |  3.4
Unarmed Combat | |  3.2
Poison Magic   | |  0.5

Action                   |  1- 3 |  4- 6 |  7- 9 || total
-------------------------+-------+-------+-------++-------
Melee: Unarmed           |    85 |   141 |    30 ||   256
       Constrict         |    20 |    26 |     6 ||    52
       Tentacles         |     9 |    25 |     7 ||    41
       Kick              |    10 |    30 |     8 ||    48
       Punch             |       |     4 |     3 ||     7
Throw: Stone             |    20 |    12 |       ||    32
       Dart              |       |    55 |    27 ||    82
 Cast: Beastly Appendage |    18 |    26 |     7 ||    51
       Sticks to Snakes  |     3 |    14 |     9 ||    26
  Use: Scroll            |     3 |    11 |       ||    14
       Potion            |       |       |     2 ||     2
 Stab: Sleeping          |     2 |     2 |       ||     4
  Eat: Chunk             |     1 |     8 |     3 ||    12
       Ration            |     1 |     2 |       ||     3
Armor: Skin              |     3 |     9 |       ||    12
Dodge: Dodged            |    43 |    80 |    17 ||   140
Block: Shield            |     3 |       |       ||     3

Table legend:
 A = Non-vault XP
 B = Vault XP
 C = Vault XP percentage of total XP
 D = Non-vault monster count
 E = Vault monster count
 F = Vault count percentage of total count
                 A         B        C        D         E       F
            +---------+---------+-------+---------+---------+-------
      Total |     987 |       9 |   0.9 |      88 |       3 |   3.3
            +---------+---------+-------+---------+---------+-------
        D:1 |      28 |       0 |   0.0 |      13 |       0 |   0.0
        D:2 |      47 |       0 |   0.0 |      15 |       0 |   0.0
        D:3 |     173 |       0 |   0.0 |      24 |       0 |   0.0
        D:4 |     277 |       9 |   3.1 |      15 |       3 |  16.7
        D:5 |     462 |       0 |   0.0 |      21 |       0 |   0.0
            +---------+---------+-------+---------+---------+-------
